 Dungeon Crawl Stone Soup version 0.27-a0-906-g0a00ce863d (webtiles) character file.

Game seed: 15556968599134069023

86 porpoise the Skirmisher (level 4, 0/42 HPs)
             Began as a Ghoul Wanderer on Apr 7, 2021.
             Slain by Menkaure (2 damage)
             ... on level 4 of the Dungeon.
             The game lasted 00:13:31 (3916 turns).

porpoise the Skirmisher (Ghoul Wanderer)            Turns: 3916, Time: 00:13:32

Health: 0/42       AC: 12    Str: 14    XL:     4   Next: 49%
Magic:  3/3        EV:  6    Int: 15    God:
Gold:   13         SH:  0    Dex:  8    Spells: 3/3 levels left

rFire    . . .     SeeInvis .     - Unarmed
rCold    + . .     Faith    .   (no shield)
rNeg     + + +     Spirit   .   j - +3 chain mail
rPois    ∞         Reflect  .   (no helmet)
rElec    .         Harm     .   (no cloak)
rCorr    .         Rampage  .   g - +0 pair of gloves
Will     .....                  (no boots)
Stlth    ..........             (no amulet)
HPRegen  0.00/turn              u - +6 ring of intelligence
MPRegen  0.08/turn              (no ring)

@: no status effects
A: claws 1, cold resistance 1, negative energy resistance 3, inhibited
regeneration, torment resistance 2, unbreathing 1
a: no special abilities


You were on level 4 of the Dungeon.
You visited 1 branch of the dungeon, and saw 4 of its levels.

You collected 111 gold pieces.
You spent 98 gold pieces at shops.

Inventory:

Hand Weapons
 b - a +0 longbow
 p - a +2 shortbow
Missiles
 a - 46 arrows
 e - 151 stones (quivered)
 i - 10 poisoned darts
 k - 4 datura-tipped darts
Armour
 c - a +0 ring mail
 g - a +0 pair of gloves (worn)
 j - a +3 chain mail (worn)
 r - the +1 leather armour "Umuabreu" {-Tele rF+++ rN+ Regen+}
   (You found it on level 4 of the Dungeon)

   It renders you almost immune to fire.
   It protects you from negative energy.
   It prevents most forms of teleportation.
   It increases your rate of health regeneration.
Jewellery
 l - a ring of magical power
 u - a +6 ring of intelligence (left hand)
Scrolls
 f - a scroll of immolation
 h - 3 scrolls of identify
 m - a scroll of teleportation
 o - a scroll of enchant armour {unknown}
 q - a scroll of magic mapping
 t - a scroll of vulnerability {unknown}
 w - a scroll of holy word {unknown}
Potions
 n - a potion of flight
 s - a potion of ambrosia
 v - a potion of attraction


   Skills:
 - Level 5.0 Fighting
 - Level 1.7 Bows
 - Level 1.7 Throwing
 + Level 2.0 Armour
 * Level 3.5 Unarmed Combat


You had 3 spell levels left.
You didn't know any spells.
Your spell library was empty.

Dungeon Overview and Level Annotations

Branches:
Dungeon (4/15)
 Temple: D:4-7

Altars:
Ru

Shops:
D:3 *

Annotations:
D:4 Menkaure


Innate Abilities, Weirdness & Mutations

You thrive by killing the living.
You are immune to poison.
You have sharp fingernails.
Your flesh is cold resistant. (rC+)
You are immune to negative energy. (rN+++)
You do not regenerate when monsters are visible.
You are immune to unholy pain and torment.
You can survive without breathing.


Message History

Menkaure is nearby!
b - a +0 longbow (weapon)
You shoot an arrow. The arrow barely misses Menkaure.
You shoot an arrow. The arrow completely misses Menkaure.
You shoot an arrow.
The arrow hits Menkaure but does no damage.
Menkaure closely misses you.
You are now empty-handed.
Okay, then.
Unknown command.
You hit Menkaure.
Menkaure is lightly damaged.
Menkaure hits you.
You hit Menkaure. You punch Menkaure.
Menkaure is moderately damaged.
Menkaure hits you!
You hit Menkaure but do no damage.
Menkaure is moderately damaged.
Menkaure hits you.
You barely miss Menkaure.
Menkaure is moderately damaged.
Menkaure hits you!
You are too injured to fight recklessly!
You hit Menkaure.
Menkaure is heavily damaged.
Menkaure hits you but does no damage. Menkaure hits you!
* * * LOW HITPOINT WARNING * * *
You feel better. Menkaure hits you.
* * * LOW HITPOINT WARNING * * *
You barely miss Menkaure.
Menkaure is heavily damaged.
Menkaure hits you but does no damage.
You hit Menkaure.
Menkaure is heavily damaged.
Menkaure hits you!
* * * LOW HITPOINT WARNING * * *
You hit Menkaure. You punch Menkaure.
Menkaure is severely damaged.
Menkaure hits you.
You die...

,*,,,,,,,,,**####.....###......##
,,,*,***,#.###.......####.^......
,,,*,,***#.#...........#....#....
,,,,,,,,,,........,,#....####...#
,,****,***##.....#####.#...#.....
,,,**,,,* #......#.....#.........
,,,**#,,* ##.....)....###..##....
,,,**#.,* #............##.#......
,,,*.#.!* #.....@......#..#......
,,,,....###....M......###........
,,,,..........(..####............
,,,,.......(......# #..#.....##..
,,,,.<............#*##.....,,*,..
,,,,.......<...#...***.#.#.,**,,,
****..#.......##[..,,,!###*****,*
***,,*#..(.....#.##.,,,** *+,*
,,,,..M..........**,,,,,* **≈*


You could see Menkaure (fast).

Vanquished Creatures
  2 adders (D:3)
  2 worms
  3 ball pythons
  7 endoplasms
  2 giant cockroaches (D:1)
  3 goblins
  8 hobgoblins
  10 jackals (D:1)
  3 kobolds
  3 quokkas
  3 bats
  4 frilled lizards
  5 rats
55 creatures vanquished.

Notes
Turn   | Place    | Note
-------+----------+-------------------------------------------
     0 | D:1      | porpoise the Ghoul Wanderer began the quest for the Orb.
     0 | D:1      | porpoise set off with the following items: a +2 shortbow,
                  | 31 arrows, a +0 ring mail, a potion of curing
     0 | D:1      | Reached XP level 1. HP: 22/22 MP: 0/0
    93 | D:1      | Reached skill level 1 in Unarmed Combat
   293 | D:1      | Reached XP level 2. HP: 28/28 MP: 1/1
  1096 | D:1      | Reached XP level 3. HP: 34/34 MP: 2/2
  1898 | D:2      | Found a faded altar of an unknown god.
  2895 | D:3      | Reached XP level 4. HP: 38/41 MP: 3/3
  2989 | D:3      | Reached skill level 5 in Fighting
  3014 | D:3      | Found Osuh's Assorted Antiques.
  3036 | D:3      | Bought a scroll labelled GICEORRORAT for 26 gold pieces
  3036 | D:3      | Bought a scroll labelled GICEORRORAT for 26 gold pieces
  3036 | D:3      | Bought a murky silvery potion for 23 gold pieces
  3036 | D:3      | Bought a smoky pink potion for 23 gold pieces
  3040 | D:3      | Found a sacrificial altar of Ru.
  3585 | D:4      | Noticed Menkaure
  3890 | D:4      | Identified the +1 leather armour "Umuabreu" {-Tele rF+++
                  | rN+ Regen+}
  3915 | D:4      | HP: 2/42 [Menkaure (7)]
  3916 | D:4      | Slain by Menkaure

Illustrated notes

Levels and vault maps discovered:
D:1:      wheals_arrival_shading, layout_basic
D:2:      minmay_chambers_of_ones, layout_loops_ring, basic_ecumenical_altar,
          minmay_split_cup_large
D:3:      layout_basic, nicolae_ru_great_annihilating_truth, serial_shops, shop,
          minmay_liquid_box
D:4:      layout_cave_pools, overflow_temple_1_default, old_standard_altar,
          corexii_corridor_pit, uniq_crazy_yiuf_cottage, uniq_menkaure

Skill      XL: |  1  2  3  4 |
---------------+-------------+-----
Unarmed Combat | 1 2 3 |  3.5
Fighting       | 5 |  5.0
Armour         | 2 |  2.0
Bows           | |  1.7
Throwing       | |  1.7

Action                   |  1- 3 |  4- 6 || total
-------------------------+-------+-------++-------
Melee: Unarmed           |   117 |    63 ||   180
       Punch             |       |     2 ||     2
 Fire: Shortbow          |    46 |     9 ||    55
       Longbow           |       |     4 ||     4
  Use: Scroll            |       |     7 ||     7
       Potion            |       |     1 ||     1
 Stab: Paralysed         |       |     1 ||     1
Armor: Ring mail         |    41 |       ||    41
       Chain mail        |    27 |    30 ||    57
Dodge: Dodged            |    49 |    12 ||    61

Table legend: (Time is in decaauts)
 A = Elapsed time spent in this place.
 B = Non-inter-level travel time spent in this place.
 C = Inter-level travel time spent in this place.
 D = Time resting spent in this place.
 E = Time spent auto-exploring this place.
 F = Levels seen in this place.
 G = Mean time per level.
                   A        B        C        D        E       F      G
               +--------+--------+--------+--------+--------+-----+--------+
         Total |   3895 |   3740 |    155 |   1528 |   1716 |   4 |  973.8 |
       Dungeon |   3895 |   3740 |    155 |   1528 |   1716 |   4 |  973.8 |
               +--------+--------+--------+--------+--------+-----+--------+

Top non-repeatable levels by time:
     D:1: 1814 daAuts
     D:2: 1007 daAuts
     D:3: 843 daAuts
     D:4: 230 daAuts
